 Dungeon Crawl Stone Soup version 0.18-a0-1120-g03bd624 (webtiles) character file.

42 gorblad the Sneak (level 3, -8/24 HPs)
             Began as an Octopode Assassin on Jan 17, 2016.
             Mangled by Sigmund
             ... wielding a +0 scythe
              (12 damage)
             ... on level 2 of the Dungeon.
             The game lasted 00:02:11 (1033 turns).

gorblad the Sneak (Octopode Assassin)               Turns: 1033, Time: 00:02:11

Health: -8/24      AC:  1    Str: 10    XL:     3   Next: 56%
Magic:  3/3        EV: 13    Int: 18    God:
Gold:   68         SH:  0    Dex: 14    Spells: 0 memorised, 2 levels left

rFire  . . .     SeeInvis .     a - +3 dagger
rCold  . . .     Gourm    .     (no shield)
rNeg   . . .     Faith    .     (helmet restricted)
rPois  .         Spirit   .     (no amulet)
rElec  .         Dismiss  .     (no ring)
rCorr  .         Reflect  .     (no ring)
SustAt .         Harm     .     (no ring)
MR     .....                    (no ring)
Stlth  +++++.....               (no ring)
                                (no ring)
                                (no ring)
                                (no ring)

@: brilliant, very slightly contaminated, not resistant to hostile enchantments,
quite stealthy
A: almost no armour, amphibious, 8 rings, constrict 8, camouflage 1, gelatinous
body 1
a: no special abilities


You were on level 2 of the Dungeon.
You were not hungry.

You visited 1 branch of the dungeon, and saw 2 of its levels.

You collected 68 gold pieces.

Inventory:

Hand Weapons
 a - a +3 dagger (weapon)
 b - a +0 blowgun
Missiles
 c - 8 poisoned needles
 d - 2 curare-tipped needles
Scrolls
 n - a scroll of remove curse
Potions
 g - a potion of flight {unknown}
 o - a potion of curing {unknown}
 p - a potion of cancellation {unknown}
 r - a potion of brilliance
Comestibles
 f - 2 bread rations
 j - 2 chunks of flesh
 k - 2 fruits
 l - 2 meat rations
 m - 2 beef jerkies


   Skills:
 - Level 2.0 Fighting
 - Level 2.0 Short Blades
 - Level 2.0 Throwing
 + Level 2.4 Dodging
 + Level 6.3 Stealth


You had 2 spell levels left.
You didn't know any spells.

Dungeon Overview and Level Annotations

Branches:
Dungeon (2/15)

Altars:

Annotations:
D:2 Sigmund


Innate Abilities, Weirdness & Mutations

You cannot wear most types of armour.
You are amphibious.
You can wear up to eight rings at the same time.
You can use your tentacles to constrict eight enemies at once.
Your skin changes colour to match your surroundings (Stealth).
Your rubbery body absorbs attacks (AC +1).


Message History

Sigmund shouts!
Sigmund gestures at you while chanting. The magic dart hits you!
The helpless rat fails to defend itself.
You impale the rat!!
You kill the rat!
A hobgoblin comes into view. It is wielding a club.
You see here 18 stones.
Sigmund hits you from afar with a scythe!
Ouch! That really hurt!
* * * LOW HITPOINT WARNING * * *
You are too injured to fight recklessly!
You are too injured to fight recklessly!
You are too injured to fight recklessly!
Drink which item? (? for menu, Esc to quit)
It was a potion of brilliance.
You feel clever all of a sudden.
Sigmund hits you from afar with a scythe!
Ouch! That really hurt!
You die...

#......†..#
#.........#
...#####..#.#
#..#)?=#..#.#
#..#($!#..#.#
#..#)%%#..#.#
..g#####..#.#
#.........#.#
#.....@.@.#.#
....#####(.†#
###. ###.# .
.# .# .# .#
.# .#


You could see Sigmund and a hobgoblin (wandering).

Vanquished Creatures
  An ooze (D:1)
  3 giant geckos (D:1)
  4 bats (D:1)
  2 giant cockroaches (D:1)
  2 goblins (D:1)
  7 hobgoblins (D:1)
  2 jackals (D:1)
  4 kobolds
  6 rats
31 creatures vanquished.

Notes
Turn   | Place    | Note
--------------------------------------------------------------
     0 | D:1      | gorblad the Octopode Assassin began the quest for the Orb.
     0 | D:1      | Reached XP level 1. HP: 14/14 MP: 1/1
    70 | D:1      | Reached XP level 2. HP: 9/19 MP: 2/2
   136 | D:1      | Reached skill level 6 in Stealth
   201 | D:1      | Reached XP level 3. HP: 17/24 MP: 3/3
  1020 | D:2      | Noticed Sigmund
  1033 | D:2      | Mangled by Sigmund

Vault maps used:
D:1:      tarquinn_simple_flora_water_f, supply_closet_lemuel, st_stairs_10,
          grunt_decor_mini_mirrors
D:2:      serial_glass, glass_columns_a, glass_columns_b, glass_columns_c,
          glass_columns_a, glass_columns_b, glass_columns_c, glass_columns_a,
          glass_columns_c, minmay_strange_pillars, feat_on_display,
          due_unseen_surprise, feat_on_display, ecumenical_altar_1, uniq_iyjb,
          uniq_sigmund, uniq_natasha

Action                   || total
-------------------------++-------
Melee: Dagger            ||    49
  Use: Scroll            ||     7
       Potion            ||     1
 Stab: Sleeping          ||    16
